 Dungeon Crawl Stone Soup version 0.22-a0-533-g4d20840e7c (webtiles) character file.

6011 Infinimo the Arsonist (level 10, -21/69 HPs)
             Began as a Hill Orc Fire Elementalist on June 22, 2018.
             Was a Priest of Sif Muna.
             Killed from afar by Erolcha (36 damage)
             ... with a crystal spear
             ... on level 9 of the Dungeon.
             The game lasted 00:20:52 (12701 turns).

Infinimo the Arsonist (Hill Orc Fire Elementalist) Turns: 12701, Time: 00:20:52

Health: -21/69     AC:  9    Str: 18    XL:     10   Next: 86%
Magic:  6/18       EV: 12    Int: 18    God:    Sif Muna [***...]
Gold:   397        SH:  0    Dex: 11    Spells: 12/20 levels left

rFire    . . .     SeeInvis .   a - +2 dagger (elec)
rCold    . . .     Gourm    .   (no shield)
rNeg     . . .     Faith    .   g - +2 robe {MR+}
rPois    .         Spirit   .   n - +2 helmet
rElec    .         Reflect  .   b - +2 cloak
rCorr    .         Harm     .   o - +2 pair of gloves
MR       +....                  (no boots)
Stlth    ++........             (no amulet)
HPRegen  0.21/turn              k - +6 ring of strength
MPRegen  0.16/turn              (no ring)

@: about to teleport, corroded
A: no striking features
a: Divine Energy, Channel Magic, Renounce Religion


You were on level 9 of the Dungeon.
You worshipped Sif Muna.
Sif Muna was most pleased with you.
You were hungry.

You visited 2 branches of the dungeon, and saw 10 of its levels.

You collected 397 gold pieces.

Inventory:

Hand Weapons
 a - a +2 dagger of electrocution (weapon)
Armour
 b - a +2 cloak (worn)
 g - a +2 robe of magic resistance (worn)
 n - a +2 helmet (worn)
 o - a +2 pair of gloves (worn)
Jewellery
 k - a +6 ring of strength (left hand)
 s - an uncursed ring of protection from fire {unknown}
Wands
 u - a wand of clouds (3)
Scrolls
 d - 11 scrolls of teleportation
 l - 5 scrolls of remove curse
 p - 4 scrolls of identify
 r - a scroll of enchant armour
 t - a scroll of amnesia
 y - a scroll of enchant weapon {unknown}
Potions
 e - a potion of agility
 f - a potion of brilliance
 h - 2 potions of invisibility
 i - a potion of curing
 m - a potion of berserk rage
 q - a potion of mutation
 v - a potion of haste {unknown}
 w - a potion of flight
 z - a potion of ambrosia {unknown}
Comestibles
 c - 18 rations
 x - 8 chunks of flesh


   Skills:
 - Level 1.5 Dodging
 - Level 1.5 Stealth
 + Level 5.6 Spellcasting
 * Level 10.1 Conjurations
 * Level 11.4 Fire Magic


You had 12 spell levels left.
You knew the following spells:

 Your Spells              Type           Power        Failure   Level  Hunger
a - Flame Tongue          Conj/Fire      #####        1%          1    None
b - Conjure Flame         Conj/Fire      #####...     1%          3    ##.....
c - Sticky Flame          Conj/Fire      #####...     1%          4    ####...

Your spell library contained the following spells:

 Spells                   Type           Power        Failure   Level  Hunger
 Fireball                 Conj/Fire      #####.....   4%          5    #####..
 Confuse                  Hex            #.......     36%         3    ##.....
 Throw Flame              Conj/Fire      #####.       1%          2    None
 Summon Small Mammal      Summ           #...         13%         1    None
 Summon Ice Beast         Ice/Summ       #.......     77%         4    ####...
 Call Imp                 Summ           #.......     19%         2    None
 Tukima's Dance           Hex            #.......     36%         3    ##.....
 Call Canine Familiar     Summ           #.......     36%         3    ##.....
 Ensorcelled Hibernation  Hex/Ice        #.....       19%         2    None
 Corona                   Hex            #......      13%         1    None
 Inner Flame              Hex/Fire       ####....     3%          3    ##.....
 Dazzling Spray           Conj/Hex       ###...       4%          3    ##.....
 Summon Lightning Spire   Summ/Air       #.......     77%         4    ####...
 Summon Guardian Golem    Hex/Summ       #.......     36%         3    ##.....


Dungeon Overview and Level Annotations

Branches:
Dungeon (9/15)             Temple (1/1) D:6
   Lair: D:8-11         Orc: D:9-12

Altars:
Ashenzari
Cheibriados
Dithmenos
Elyvilon
Fedhas
Gozag
Hepliaklqana
Kikubaaqudgha
Makhleb
Nemelex Xobeh
Okawaru
Qazlal
Ru
Sif Muna
Trog
Uskayaw
Vehumet
Wu Jian
Xom
Yredelemnul
Zin
The Shining One

Annotations:
D:8 Faustar's ghost, novice HOMo
D:9 Erolcha


Message History

Aiming: Sticky Flame (safe; 1% risk of failure)
Press: ? - help, Shift-Dir - straight line, f/p - Erolcha
Aim: Erolcha, wielding a giant club, wearing a robe and carrying a wand of acid (7) (moderately wounded, fast)
The sticky flame hits Erolcha.
Erolcha is moderately wounded.
Erolcha is covered in liquid flames!
Erolcha burns!
Erolcha barely misses you.
Erolcha burns!
Erolcha zaps a wand.
The bolt of acid hits you!
You are splashed with acid!
The acid burns!
Erolcha burns!
Erolcha points at you and mumbles some strange words.
The bolt of cold hits you!
* * * LOW HITPOINT WARNING * * *
Erolcha burns!
Erolcha stops burning.
Erolcha zaps a wand.
As you read the scroll of teleportation, it crumbles to dust.
You feel strangely unstable.
You are feeling hungry.
Erolcha casts a spell at you. The crystal spear hits you!
Ouch! That really hurt!
You die...

#.# #....# .... #.#
#....# ...... #)#
#....# ....... #.#
#....###......(...
#.####.................
#......)...............
#....O...).............
#......................
#.####@.###)...........
#.####..###............
#......................
#..(...................
#......................
#.......####...#####...
#.####..# #...# #...
#.####..####...# #...
#..............#####...


You could see Erolcha.

Vanquished Creatures
  2 two-headed ogres
  An unseen horror (D:8)
  Pikel (D:5)
  Prince Ribbit (D:8)
  A spriggan (D:8)
  A sky beast (D:7)
  3 ice beasts
  A slave (D:5)
  2 necrophages
  A phantom (D:7)
  A centaur (D:8)
  2 ogres
  A big kobold (D:9)
  7 bullfrogs
  7 scorpions
  A wyvern skeleton (D:7)
  6 killer bees (D:7)
  An electric eel (D:8)
  4 howler monkeys
  2 bullfrog zombies
  A jelly (D:9)
  2 crimson imps
  4 hounds
  7 orc priests
  A centaur skeleton (D:4)
  2 iguanas (D:7)
  9 orc wizards
  4 worker ants
  Terence (D:2)
  3 worker ant zombies
  8 adders
  A white imp (D:4)
  3 oozes
  A spectral adder (D:9)
  3 adder skeletons
  2 adder zombies (D:6)
  4 worms
  A dart slug (D:4)
  2 leopard geckos
  22 orcs
  2 ball pythons
  8 bats
  8 giant cockroaches
  7 goblins
  6 hobgoblins
  9 jackals
  14 kobolds
  3 quokkas
  4 frilled lizards
  3 goblin zombies (D:4)
  5 hobgoblin zombies (D:4)
  A jackal skeleton (D:3)
  A kobold skeleton (D:4)
  A leopard gecko zombie (D:6)
  3 orc skeletons (D:4)
  10 rats
212 creatures vanquished.

Notes
Turn   | Place    | Note
-------+----------+-------------------------------------------
     0 | D:1      | Infinimo the Hill Orc Fire Elementalist began the quest for the Orb.
     0 | D:1      | Reached XP level 1. HP: 14/14 MP: 3/3
     2 | D:1      | Noticed a demonspawn
     2 | D:1      | Noticed an octopode
     4 | D:1      | Noticed a demigod
     4 | D:1      | Noticed a troll
     6 | D:1      | Noticed a tengu
     6 | D:1      | Noticed a halfling
     8 | D:1      | Noticed a gargoyle
     8 | D:1      | Noticed a formicid
    10 | D:1      | Noticed a centaur
    10 | D:1      | Noticed a spriggan
    12 | D:1      | Noticed a merfolk
    14 | D:1      | Noticed a human
    14 | D:1      | Noticed a dwarf
    16 | D:1      | Noticed a vine stalker
    18 | D:1      | Noticed a felid
    18 | D:1      | Noticed a naga
    20 | D:1      | Noticed an ogre
    20 | D:1      | Noticed a vampire
    22 | D:1      | Noticed a ghoul
    22 | D:1      | Noticed a draconian
    24 | D:1      | Noticed a minotaur
    26 | D:1      | Noticed an elf
   293 | D:1      | Reached XP level 2. HP: 11/20 MP: 0/4
  1279 | D:1      | Reached XP level 3. HP: 26/26 MP: 2/5
  1986 | D:2      | Noticed Terence
  2010 | D:2      | Reached skill level 4 in Fire Magic
  2024 | D:2      | Killed Terence
  2024 | D:2      | Reached XP level 4. HP: 20/33 MP: 0/7
  2444 | D:2      | Found a faded altar of an unknown god.
  2965 | D:3      | Reached XP level 5. HP: 38/38 MP: 2/8
  3251 | D:3      | Found a basalt altar of Yredelemnul.
  3874 | D:3      | Reached skill level 5 in Fire Magic
  4092 | D:3      | HP: 1/38 [scorpion (4)]
  4096 | D:3      | Reached XP level 6. HP: 9/45 MP: 0/9
  4336 | D:3      | Learned a level 1 spell: Flame Tongue
  4342 | D:3      | Learned a level 3 spell: Conjure Flame
  4347 | D:3      | Learned a level 4 spell: Sticky Flame
  4399 | D:4      | Found a glowing golden altar of the Shining One.
  4954 | D:4      | Reached XP level 7. HP: 40/50 MP: 7/11
  5029 | D:4      | Reached skill level 6 in Fire Magic
  5888 | D:5      | Entered Level 5 of the Dungeon
  5900 | D:5      | Reached skill level 5 in Conjurations
  6786 | D:5      | Noticed Pikel
  6899 | D:5      | Reached XP level 8. HP: 56/57 MP: 4/12
  7152 | D:5      | Killed Pikel
  7152 | D:5      | Reached skill level 7 in Fire Magic
  7633 | D:5      | Reached skill level 8 in Fire Magic
  7958 | D:6      | Found a staircase to the Ecumenical Temple.
  8002 | Temple   | Entered the Ecumenical Temple
  8173 | Temple   | Became a worshipper of Sif Muna the Loreminder
  8203 | D:6      | Reached XP level 9. HP: 62/62 MP: 6/15
  8308 | D:6      | Found a blossoming altar of Fedhas.
  8675 | D:7      | Reached skill level 9 in Fire Magic
  8700 | D:7      | Reached * piety under Sif Muna
  8830 | D:7      | Found a stormy altar of Qazlal.
  8831 | D:7      | Found a burning altar of Makhleb.
  8833 | D:7      | Found a radiant altar of Vehumet.
  8835 | D:7      | Found a shattered altar of Ashenzari.
  8836 | D:7      | Found an ornate altar of the Wu Jian Council.
  9500 | D:7      | Found a snail-covered altar of Cheibriados.
  9692 | D:8      | Found a transporter.
  9693 | D:8      | Found a transporter.
  9693 | D:8      | Noticed Faustar's ghost (novice HOMo)
  9983 | D:8      | Noticed Prince Ribbit
 10093 | D:8      | Killed Prince Ribbit
 10236 | D:8      | Reached ** piety under Sif Muna
 10236 | D:8      | Reached skill level 10 in Fire Magic
 10288 | D:8      | Reached XP level 10. HP: 19/69 MP: 1/17
 10846 | D:8      | Reached skill level 5 in Spellcasting
 10927 | D:8      | Killed an unseen horror
 11946 | D:9      | Found a hide-covered altar of Uskayaw.
 11959 | D:9      | Noticed a two-headed ogre
 12171 | D:8      | Killed a two-headed ogre
 12171 | D:8      | Reached skill level 11 in Fire Magic
 12517 | D:9      | Reached *** piety under Sif Muna
 12670 | D:9      | Noticed a two-headed ogre
 12673 | D:9      | Noticed Erolcha
 12686 | D:9      | Killed a two-headed ogre
 12686 | D:9      | Reached skill level 10 in Conjurations
 12701 | D:9      | Killed from afar by Erolcha

Vault maps used:
D:1:      kb_arrival_jail
D:2:      chequers_ecumenical_altar_simple_redux,
          hangedman_decor_diamond_cutter, serial_bayou_pond_c, uniq_terence
D:3:      lemuel_crystal_altar, minivault_27
D:4:      nicolae_tso_besieged_by_evil
D:5:      first_ration, uniq_pikel
D:6:      minmay_temple_entry_glassed_door, basic_altar
D:7:      grunt_temple_overflow_open, lemuel_round_altar
D:8:      gammafunk_ghost_mausoleum, grunt_pizzeria, nicolae_water_bricks,
          uniq_prince_ribbit1
D:9:      lemuel_round_altar, hangedman_weighted_door, uniq_erolcha
Temple:   dshaligram_water_room_temple

Skill      XL: |  1  2  3  4  5  6  7  8  9 10 |
---------------+-------------------------------+-----
Conjurations   | 2 3 4 5 7 8 10 | 10.1
Fire Magic     | 4 5 6 8 10 11 | 11.4
Spellcasting   | 2 3 4 5 |  5.6
Dodging        | |  1.5
Stealth        | |  1.5

Action                   |  1- 3 |  4- 6 |  7- 9 | 10-12 || total
-------------------------+-------+-------+-------+-------++-------
Melee: Unarmed           |    41 |       |       |       ||    41
       Flail             |       |    27 |     7 |       ||    34
       Whip              |       |       |     8 |       ||     8
       Dagger            |       |       |    40 |    20 ||    60
 Cast: Flame Tongue      |    64 |   145 |   278 |   139 ||   626
       Conjure Flame     |       |       |     3 |     2 ||     5
       Sticky Flame      |       |       |     8 |     9 ||    17
  Use: Potion            |       |     2 |     1 |     1 ||     4
       Scroll            |       |     4 |    10 |     1 ||    15
 Stab: Confused          |     1 |       |       |       ||     1
  Eat: Chunk             |     5 |    11 |    11 |     5 ||    32
       Ration            |       |       |     2 |     1 ||     3
Armor: Robe              |     9 |    30 |    65 |    49 ||   153
       Skin              |     3 |       |       |       ||     3
Dodge: Dodged            |    63 |    57 |   109 |    59 ||   288

Table legend:
 A = Spawn XP
 B = Non-spawn XP
 C = Spawn XP percentage of total XP
 D = Spawn monster count
 E = Non-spawn monster count
 F = Spawn count percentage of total count
 G = Total turns spent on level
                    A         B        C        D         E        F      G
               +---------+---------+-------+---------+---------+-------+---------
         Total |       0 |    8588 |   0.0 |       0 |     211 |   0.0 | 12701
               +---------+---------+-------+---------+---------+-------+---------
           D:1 |       0 |      38 |   0.0 |       0 |      23 |   0.0 |  1682
           D:2 |       0 |     124 |   0.0 |       0 |      26 |   0.0 |  1512
           D:3 |       0 |     166 |   0.0 |       0 |      24 |   0.0 |  1073
           D:4 |       0 |     563 |   0.0 |       0 |      30 |   0.0 |  2222
           D:5 |       0 |    1153 |   0.0 |       0 |      23 |   0.0 |  1307
           D:6 |       0 |     429 |   0.0 |       0 |      12 |   0.0 |   512
           D:7 |       0 |    1162 |   0.0 |       0 |      25 |   0.0 |  1462
           D:8 |       0 |    3229 |   0.0 |       0 |      21 |   0.0 |  2079
           D:9 |       0 |    1724 |   0.0 |       0 |      27 |   0.0 |   664
               +---------+---------+-------+---------+---------+-------+---------
